cohdb
Replays
Latest Replays
All Replays
Popular Replays
Top Player Replays
Match Explorer
How It Works
Community
CoH3 Stats
Reddit
Sign in to upload your games and track your stats! →
Sign in with Steam
Match 41565597
Unlisted
Match 41565597
Overview
Messages
Build Orders
End
Pioneer Squad
Construct Infanterie Kompanie
Selects Terror Battlegroup
Selects Machine Gun Camouflage
Grenadier Squad
MG 42 Machine Gun Team
Grenadier Squad
Grenadier Squad
MG 42 Machine Gun Team
Construct Luftwaffe Kompanie
221 Scout Car
Selects Defend the Fatherland
Jäger Squad
Construct Panzer Kompanie
Medical Bunker
Panzer IV Medium Tank
Stoßtruppen Squad
Panzer IV Medium Tank
yapster
Mr.Faraam
BIOHAZARD
[LoB]Fagio
0
0
Comments
sign in to comment!
No comments posted yet!